 Dungeon Crawl Stone Soup version 0.22.1-1-ga44c0e56f4 (webtiles) character file.

54 PikkenKukken the Grave Robber (level 3, 0/24 HPs)
             Began as a Demonspawn Necromancer on Oct 7, 2018.
             Slain by Sigmund
             ... wielding a +0 scythe
              (5 damage)
             ... on level 2 of the Dungeon.
             The game lasted 00:05:42 (1456 turns).

PikkenKukken the Grave Robber (DsNe)                Turns: 1456, Time: 00:05:43

Health: 0/24       AC:  3    Str:  9    XL:     3   Next: 66%
Magic:  3/6        EV: 12    Int: 16    God:
Gold:   33         SH:  0    Dex: 13    Spells: 1/6 levels left

rFire    . . .     SeeInvis .   a - +0 mace
rCold    . . .     Gourm    .   (no shield)
rNeg     . . .     Faith    .   f - +1 robe
rPois    .         Spirit   .   (no helmet)
rElec    .         Reflect  .   (no cloak)
rCorr    .         Harm     .   (no gloves)
MR       .....                  (no boots)
Stlth    ++........             (no amulet)
HPRegen  1.08/turn              (no ring)
MPRegen  0.10/turn              (no ring)

@: no status effects
A: powered by death 1
a: no special abilities


You were on level 2 of the Dungeon.
You were not hungry.

You visited 1 branch of the dungeon, and saw 2 of its levels.

You collected 33 gold pieces.

Inventory:

Hand Weapons
 a - a +0 mace (weapon)
 b - a +0 hunting sling
Missiles
 e - 22 stones (quivered)
Armour
 f - a +1 robe (worn)
Jewellery
 g - an uncursed amulet of the gourmand {unknown}
 i - an uncursed ring of resist corrosion {unknown}
Potions
 d - a potion of haste {unknown}
 j - a potion of brilliance {unknown}
 k - a potion of agility {unknown}
Comestibles
 c - 3 rations
 h - 4 chunks of flesh


   Skills:
 - Level 1.7 Dodging
 - Level 1.7 Stealth
 + Level 2.0 Spellcasting
 - Level 6.0 Necromancy


You had one spell level left.
You knew the following spells:

 Your Spells              Type           Power        Failure   Level  Hunger
a - Pain                  Necr           ###.         1%          1    #......
b - Animate Skeleton      Necr           N/A          1%          1    #......
c - Vampiric Draining     Necr           ###.......   5%          3    ###....

Your spell library contained the following spells:

 Spells                   Type           Power        Failure   Level  Hunger
 Animate Dead             Necr           N/A          17%         4    #####..
 Regeneration             Chrm/Necr      ##........   19%         3    ###....


Dungeon Overview and Level Annotations

Branches:
Dungeon (2/15)

Altars:


Innate Abilities, Weirdness & Mutations

You regenerate a little health from kills.


Message History

The worm is heavily wounded.
The worm misses you. Something hits you!
Ouch! That really hurt!
Deactivating autopickup; reactivate with Ctrl-A.
You are too injured to fight recklessly!
Casting: Animate Skeleton (safe; 1% risk of failure)
Confirm with . or Enter, or press ? or * to list all spells.
Aiming: Vampiric Draining (safe; 5% risk of failure)
Press: ? - help, Shift-Dir - straight line, f/p - worm
Aim: a worm (heavily wounded)
You kill the worm!
Training target 6.0 for Necromancy reached!
Your Necromancy skill increases to level 6!
You need to enable at least one skill for training.
You feel life coursing into your body. Something hits you!
* * * LOW HITPOINT WARNING * * *
You see here a worm corpse.
Something hits you.
You die...

..... #.(. ... # ## # ...
#. ##...##.# .#
#..#..#..#.# #.#
..#.#(#.#)###### ..
#.!...#((.......# #.##
#..#.#!#.#(({†@.####...####
#..#.(#$.#.........#.......
#.##...##......##..>....#
#..##.##.......##.......#
#.......########.......#
##.....## #.....### #.#####
#.<...# #.# ##.#### #.#
########.#


There were no monsters in sight!

Vanquished Creatures
  An adder (D:2)
  An ooze (D:1)
  2 worms (D:2)
  A leopard gecko (D:1)
  2 giant cockroaches (D:1)
  A hobgoblin (D:1)
  4 jackals (D:1)
  A ball python (D:1)
  5 bats
  2 frilled lizards (D:1)
  3 goblins (D:1)
  A kobold (D:1)
  3 rats (D:1)
27 creatures vanquished.

Vanquished Creatures (collateral kills)
  An ooze (D:1)
  A dart slug (D:2)
  A goblin (D:2)
  A frilled lizard (D:2)
  2 kobolds (D:1)
6 creatures vanquished.

Grand Total: 33 creatures vanquished

Notes
Turn   | Place    | Note
-------+----------+-------------------------------------------
     0 | D:1      | PikkenKukken the Demonspawn Necromancer began the quest for
                  | the Orb.
     0 | D:1      | Reached XP level 1. HP: 13/13 MP: 3/3
     5 | D:1      | Learned a level 1 spell: Animate Skeleton
   125 | D:1      | Gained mutation: You regenerate a little health from kills.
                  | [demonic ancestry]
   125 | D:1      | Reached XP level 2. HP: 14/19 MP: 0/5
   205 | D:1      | Reached skill level 5 in Necromancy
  1001 | D:1      | Reached XP level 3. HP: 24/24 MP: 6/6
  1006 | D:1      | Learned a level 3 spell: Vampiric Draining
  1454 | D:2      | Reached skill level 6 in Necromancy
  1456 | D:2      | Slain by Sigmund

Skill      XL: |  1  2  3 |
---------------+----------+-----
Necromancy     | 5 6 |  6.0
Dodging        | |  1.7
Stealth        | |  1.7
Spellcasting   | |  2.0

Action                   || total
-------------------------++-------
Melee: Mace              ||    58
 Fire: Hunting sling     ||    39
 Cast: Pain              ||     8
       Animate Skeleton  ||    11
       Vampiric Draining ||     1
  Use: Scroll            ||     2
  Eat: Chunk             ||     2
Armor: Robe              ||    23
Dodge: Dodged            ||    57
